AoeStats
← pelder787

MegaRandom

508014384Analyzed
4v4 RM · 11d ago on Sep 20, 2026· 61m 13s· 8 players
Game mode
Random Map
Map size
Large (8 player)
Population
200
Speed
Normal
Resources
Standard
Victory
Conquest
Starting age
Dark Age
Ending age
Imperial Age
RankedLock teamsTeams togetherTeam positionsShared explorationLock speedFull tech treeHidden civsTurbo modeCheats
Victory
Defeat
🇪🇪 Sicilians · Estonia
1041
+13
🇲🇽 Khmer · Mexico
998
+14
🇲🇽 Jurchens · Mexico
971
+15
🇭🇰 Malay · Hong Kong SAR China
961
+16
🇺🇸 Muisca · United States
1052
-18
🇺🇸 Franks · United States
1003
-16
🇺🇸 Britons · United States
1002
-16
🇺🇸 Goths · United States
781
-8
angelsb94
11:40 Feudal Age
11:43 Loom
13:38 Double-Bit Axe
18:34 Wheelbarrow
28:14 Castle Age
27:17 Horse Collar
33:28 Light Cavalry
34:23 Bloodlines
34:34 Stone Mining
37:45 Heavy Plow
38:50 Bow Saw
45:10 Imperial Age
45:04 Scale Barding Armor
49:11 Hand Cart
50:40 Chain Barding Armor
50:31 Forging
50:57 Hussar
56:57 Heavy Scorpion
60:30 Chemistry
59:51 Ballistics
NeessQuiick
3:35 Loom
13:08 Feudal Age
19:14 Castle Age
21:56 Crossbowman
30:34 Fletching
30:45 Padded Archer Armor
38:08 Wheelbarrow
41:44 Bodkin Arrow
42:05 Leather Archer Armor
44:27 Gold Mining
44:27 Stone Mining
44:23 Horse Collar
44:40 Double-Bit Axe
48:59 Imperial Age
48:32 Fortified Bastions
48:00 Elite Skirmisher
51:52 Bracer
54:31 Scale Barding Armor
54:37 Forging
61:08 Husbandry
61:19 Bloodlines
60:29 Light Cavalry
15634125
2:45 Loom
12:36 Feudal Age
12:47 Man-at-Arms
25:16 Castle Age
26:45 Wheelbarrow
34:58 Forging
35:47 Double-Bit Axe
39:09 Hand Cart
44:54 Imperial Age
42:44 Horse Collar
43:38 Fletching
43:49 Padded Archer Armor
44:32 Elite Skirmisher
45:56 Bodkin Arrow
46:19 Leather Archer Armor
47:31 Bracer
49:29 Chemistry
50:30 Iron Casting
nebukatser
6:34 Loom
11:36 Feudal Age
16:22 Castle Age
14:48 Double-Bit Axe
15:52 Horse Collar
17:45 Town Watch
18:35 Wheelbarrow
18:51 Bloodlines
23:46 Forging
26:35 Fletching
29:45 Wheelbarrow
30:34 Scale Barding Armor
32:17 Iron Casting
32:03 Chain Barding Armor
32:26 Chain Barding Armor
35:45 Bodkin Arrow
38:30 Imperial Age
38:41 Hand Cart
38:38 Bow Saw
38:44 Cavalier
41:10 Plate Barding Armor
44:22 Blast Furnace
43:57 Husbandry
47:30 Conscription
47:29 Hauberk
50:55 Bracer
50:55 Padded Archer Armor
52:06 Chemistry
51:27 Ballistics
51:33 Ballistics
51:01 Elite Skirmisher
52:33 Leather Archer Armor
MisterBinks
13:57 Feudal Age
17:50 Castle Age
20:45 Wheelbarrow
21:59 Double-Bit Axe
21:57 Horse Collar
26:04 Crossbowman
26:49 Padded Archer Armor
28:33 Loom
28:36 Town Watch
30:02 Forging
29:43 Fletching
30:09 Leather Archer Armor
33:18 Bodkin Arrow
37:14 Imperial Age
35:17 Ballistics
39:23 Fortified Wall
38:44 Pikeman
38:50 Arbalester
40:28 Bow Saw
40:05 Halberdier
45:31 Ring Archer Armor
45:13 Gold Mining
48:43 Caravan
49:02 Bracer
50:28 Forging
50:19 Scale Mail Armor
54:45 Yeomen
Barko
8:23 Loom
10:47 Feudal Age
14:36 Castle Age
23:22 Fletching
28:58 Bodkin Arrow
32:33 Herbalism
32:52 Padded Archer Armor
34:45 Sanctity
35:06 Thumb Ring
35:30 Leather Archer Armor
35:46 Double-Bit Axe
35:42 Horse Collar
35:53 Gold Mining
37:43 Ballistics
38:23 Crossbowman
42:37 Imperial Age
40:43 Wheelbarrow
39:54 Town Watch
41:15 Squires
40:37 Champi Runner
41:01 Pikeman
41:49 Scale Mail Armor
42:00 Forging
42:47 Chain Mail Armor
43:08 Champi Warrior
44:54 Bracer
45:16 Conscription
45:32 Arbalester
46:19 Elite Champi Warrior
48:58 Iron Casting
52:29 Siege Engineers
53:31 Chemistry
52:42 Masonry
52:13 Treadmill Crane
56:22 Murder Holes
lambertjosh32
19:15 Feudal Age
19:48 Double-Bit Axe
20:30 Man-at-Arms
23:54 Wheelbarrow
29:51 Castle Age
30:06 Stone Mining
32:59 Long Swordsman
34:14 Forging
34:05 Scale Mail Armor
38:32 Hand Cart
40:00 Anarchy
40:23 Gold Mining
40:10 Pikeman
43:38 Squires
44:38 Horse Collar
49:00 Imperial Age
49:48 Halberdier
pelder787
14:52 Feudal Age
13:07 Loom
15:45 Man-at-Arms
24:47 Castle Age
35:01 Double-Bit Axe
37:51 Bow Saw
Connection lost

Rejoining the realm…

Still unreachable

The connection could not be restored.

Session expired

The server has moved on; the page needs a fresh start.